 Dungeon Crawl Stone Soup version 0.31-a0-167-g1c394c0614 (webtiles) character file.

Game seed: 419368604464872534

53 qw the Shooter (level 3, -11/23 HPs)
             Began as a Gargoyle Hunter on June 14, 2023.
             Mangled by a gnoll
             ... wielding a +0 halberd
              (14 damage)
             ... on level 2 of the Dungeon.
             The game lasted 00:00:24 (956 turns).

qw the Shooter (Gargoyle Hunter)                     Turns: 956, Time: 00:00:25

Health: -11/23     AC:  6    Str: 14    XL:     3   Next: 87%
Magic:  3/3        EV: 11    Int:  9    God:
Gold:   106        SH:  0    Dex: 15    Spells: 2/2 levels left

rFire   . . .        a - +0 shortbow
rCold   . . .        (shield currently unavailable)
rNeg    + . .        c - +0 leather armour
rPois   inf          (no helmet)
rElec   +            (no cloak)
rCorr   .            (no gloves)
SInv    .            (no boots)
Will    .....        (no amulet)
Stlth   ++           (no ring)
HPRegen 0.23/turn    (no ring)
MPRegen 0.08/turn

%: no passive effects
@: no status effects
A: sickness immunity, AC +3, negative energy resistance 1, electricity
resistance, torment resistance 1, petrification resistance
a: no special abilities


You were on level 2 of the Dungeon.
You visited 1 branch of the dungeon, and saw 2 of its levels.

You collected 106 gold pieces.


Innate Abilities, Weirdness & Mutations

You are immune to sickness and miasma.
Your stone body is resilient. (AC +3)
You are immune to poison.
You resist negative energy. (rN+)
You are resistant to electric shocks. (rElec)
You are resistant to unholy torment.
You are immune to petrification.


   Skills:
 - Level 3.0 Fighting
 + Level 5.0 Ranged Weapons
 - Level 1.5 Dodging
 - Level 1.1 Stealth


You had 2 spell levels left.
You didn't know any spells.
Your spell library was empty.

Inventory:

Hand Weapons
 a - a +0 shortbow (weapon)
Armour
 c - a +0 leather armour (worn)
Jewellery
 g - an amulet of reflection
Scrolls
 d - a scroll of noise {unknown}
Potions
 b - a potion of cancellation {unknown}
 e - a potion of attraction {unknown}
 f - a potion of might

Dungeon Overview and Level Annotations

Branches:
Dungeon (2/15)

Altars:


Message History

A bat comes into view.
Enter note: You shoot an arrow.
The arrow hits the bat.
You kill the bat!
g - an amulet of reflection
Enter note: You now have 106 gold pieces (gained 8).
Found a book of Alchemy.
Enter note:
Enter note: A gnoll comes into view. It is wielding a +0 spear.
The gnoll shouts!
You hear a shout!
A gnoll comes into view. It is wielding a +0 halberd.
A gnoll comes into view. It is wielding a +0 spear.
Enter note:
Enter note:
Enter note:
Enter note: You shoot an arrow.
The gnoll shouts! x2
The arrow hits the gnoll but does no damage.
You shoot an arrow. The arrow closely misses the gnoll.
A hobgoblin comes into view.
You shoot an arrow.
The arrow hits the gnoll but does no damage.
You shoot an arrow.
The arrow hits the gnoll but does no damage.
The gnoll hits you from afar with a +0 halberd.
You shoot an arrow. The arrow completely misses the gnoll.
The arrow hits the hobgoblin.
The hobgoblin is moderately wounded.
The gnoll hits you but does no damage.
The gnoll hits you from afar with a +0 spear.
You shoot an arrow. The arrow hits the gnoll!
The gnoll is heavily wounded.
The gnoll hits you from afar with a +0 halberd!
The gnoll hits you from afar with a +0 spear.
The gnoll hits you from afar with a +0 halberd!
Ouch! That really hurt!
You die...

### #######.########.##
...........@.gg....
#######.####.gg....
#.####.###.## #
#.........
###.########.##.#....
............##.#....
###.#####.......#.....
........+.......#......
#......#.......#


You could see 3 gnolls and a hobgoblin.

Vanquished Creatures
  An adder (D:2)
  A worm (D:1)
  A dart slug (D:1)
  4 ball pythons (D:1)
  7 bats
  2 endoplasms (D:1)
  2 giant cockroaches (D:1)
  4 goblins (D:1)
  5 hobgoblins
  3 kobolds
  4 rats
34 creatures vanquished.

Notes
Turn   | Place    | Note
-------+----------+-------------------------------------------
     0 | D:1      | qw the Gargoyle Hunter began the quest for the Orb.
     0 | D:1      | Reached XP level 1. HP: 12/12 MP: 1/1
     0 | D:1      | 0 ||| qw: Version: 0.2-a-29-g1fa15c8
     0 | D:1      | 0 ||| qw: Game counter: 5007
     0 | D:1      | 0 ||| qw: Always use a shield: true
     0 | D:1      | 0 ||| qw: God list: Okawaru
     0 | D:1      | 0 ||| qw: Allow faded altars: false
     0 | D:1      | 0 ||| qw: Do Orc after D:15 true
     0 | D:1      | 0 ||| qw: Do second Lair branch before Depths: true
     0 | D:1      | 0 ||| qw: Lair rune preference: random
     0 | D:1      | 0 ||| qw: Plans: Normal, Zot:1-4, Slime:5, God:TSO, Crypt,
                  | Tomb, Abyss, Pan, Hells, Win
     0 | D:1      | 0 ||| PLANNING D:1-11
   141 | D:1      | Reached XP level 2. HP: 17/17 MP: 2/2
   150 | D:1      | You fall into a shaft and drop 1 floor!
   151 | D:2      | 151 ||| DROPPING scroll of butterflies.
   156 | D:2      | 156 ||| STAIRDANCE
   405 | D:1      | Reached XP level 3. HP: 17/21 MP: 3/3
   427 | D:1      | Reached skill level 5 in Ranged Weapons
   475 | D:1      | Found a faded altar of an unknown god.
   730 | D:1      | 730 ||| DRINKING 2 glowing puce potions.
   738 | D:1      | 738 ||| DRINKING 2 bubbling yellow potions.
   739 | D:1      | 739 ||| DROPPING potion of ambrosia.
   786 | D:2      | 786 ||| STAIRDANCE
   910 | D:2      | Reached skill level 3 in Fighting
   956 | D:2      | HP: 3/23 [gnoll/+0 spear (5)]
   956 | D:2      | Mangled by a gnoll

Levels and vault maps discovered:
D:1:      dpeg_arrival_arbitrary_c, layout_basic,
          chequers_ecumenical_altar_simple_redux, minmay_indecisive_spiral
D:2:      minmay_evil_eye, layout_basic, basic_altar

Skill      XL: |  1  2  3 |
---------------+----------+-----
Ranged Weapons | 5 |  5.0
Fighting       | 3 |  3.0
Dodging        | |  1.5
Stealth        | |  1.1

Action                     || total
---------------------------++-------
   Fire: Shortbow          ||    95
    Use: Potion            ||     2
 Armour: Leather armour    ||    10
  Dodge: Dodged            ||    15

Table legend:
 A = Non-vault XP
 B = Vault XP
 C = Vault XP percentage of total XP
 D = Non-vault monster count
 E = Vault monster count
 F = Vault count percentage of total count
                 A         B        C        D         E       F
            +---------+---------+-------+---------+---------+-------
      Total |      67 |       9 |  11.8 |      30 |       4 |  11.8
            +---------+---------+-------+---------+---------+-------
        D:1 |      47 |       9 |  16.1 |      25 |       4 |  13.8
        D:2 |      20 |       0 |   0.0 |       5 |       0 |   0.0
            +---------+---------+-------+---------+---------+-------
